 Dungeon Crawl Stone Soup version 0.21-a0-356-g45b0a09 (webtiles) character file.

2628 tidbits the Charmwright (level 9, 71/71 HPs)
             Began as a Gnoll Skald on Oct 12, 2017.
             Quit the game on level 9 of the Dungeon.
             The game lasted 00:24:48 (3062 turns).

tidbits the Charmwright (Gnoll Skald)               Turns: 3062, Time: 00:24:49

Health: 71/71      AC:  7    Str: 14    XL:     9   Next: 61%
Magic:  28/28      EV: 14    Int: 19    God:
Gold:   293        SH:  5    Dex: 14    Spells: 10/21 levels left

rFire    . . .     SeeInvis +   A - +3 morningstar (curse)
rCold    . . .     Gourm    .   D - +0 buckler
rNeg     . . .     Faith    .   B - +0 ring mail
rPois    .         Spirit   .   E - +0 helmet
rElec    .         Reflect  .   M - scarf {cloud immunity}
rCorr    .         Harm     .   (no gloves)
MR       .....                  (no boots)
Stlth    ++........             L - amulet of magic regeneration
HPRegen  0.21/turn              o - ring of magical power
MPRegen  0.46/turn              I - ring of see invisible

@: no status effects
A: distributed training, fangs 1, strong nose
a: no special abilities


You were on level 9 of the Dungeon.
You were not hungry.

You visited 2 branches of the dungeon, and saw 10 of its levels.
You also visited: Sewer.

You collected 293 gold pieces.

Inventory:

Hand Weapons
 a - a +0 war axe
 c - a +0 scythe
 h - a +0 morningstar
 A - a cursed +3 morningstar (weapon)
 H - a +3 flail
 K - a +0 hand axe
 U - a +3 quarterstaff of chaos
   (You took it off Crazy Yiuf on level 7 of the Dungeon)
 V - the cursed +1 mace "Ychaut Ippa" {freeze, rPois rC+ Int+4 Dex+3, unknown}
   (You found it on level 7 of the Dungeon)

   It has been specially enchanted to freeze those struck by it, causing extra
   injury to most foes and up to half again as much damage against particularly
   susceptible opponents.
   It can also slow down cold-blooded creatures.
   It affects your intelligence (+4).
   It affects your dexterity (+3).
   It protects you from cold.
   It protects you from poison.
   It has a curse placed upon it.
 W - a +0 great sword
Missiles
 f - 203 arrows
 n - 101 stones (quivered)
 S - 4 tomahawks
Armour
 t - a +0 leather armour
 B - a +0 ring mail (worn)
 C - a +0 cloak
 D - a +0 buckler (worn)
 E - a +0 helmet (worn)
 M - a scarf of cloud immunity (worn)
   (You found it on level 7 of the Dungeon)
Jewellery
 o - a ring of magical power (left hand)
   (You found it on level 3 of the Dungeon)
 v - a +3 amulet of reflection
   (You found it on level 3 of the Dungeon)
 x - an uncursed amulet of the gourmand
   (You found it on level 4 of the Dungeon)
 I - a ring of see invisible (right hand)
   (You found it on level 7 of the Dungeon)
 L - an amulet of magic regeneration (around neck)
   (You found it on level 7 of the Dungeon)
 R - an uncursed ring of protection from cold
   (You found it on level 7 of the Dungeon)
Wands
 N - a wand of disintegration (0/24)
 P - a wand of iceblast (11/15)
 T - a wand of acid (6/15)
Scrolls
 b - 2 scrolls of amnesia {unknown}
 g - 7 scrolls of teleportation
 j - 2 scrolls of fear {unknown}
 k - a scroll of enchant armour {unknown}
 m - 3 scrolls of enchant weapon
 r - a scroll of remove curse
 w - 2 scrolls of recharging
 y - 3 scrolls of magic mapping {unknown}
 O - 2 scrolls of blinking {unknown}
 Y - a scroll of holy word {unknown}
Potions
 e - 2 potions of heal wounds
 i - a potion of agility
 l - a potion of ambrosia {unknown}
 q - a potion of resistance
 u - 2 potions of curing
 z - a potion of magic {unknown}
 F - 2 potions of lignification {unknown}
 G - a potion of brilliance {unknown}
 J - a potion of invisibility {unknown}
 Q - a potion of might
 X - a potion of flight {unknown}
Books
 s - a book of Battle

   Spells                             Type                      Level
   a - Infusion                       Charms                       1
   b - Shroud of Golubria             Charms/Translocation         2
   c - Song of Slaying                Charms                       2
   d - Spectral Weapon                Hexes/Charms                 3
   e - Regeneration                   Charms/Necromancy            3
Comestibles
 d - 4 bread rations
 p - 5 fruits
 Z - a meat ration


   Skills:
 + Level 6.4 Fighting
 + Level 4.3 Short Blades
 + Level 4.3 Long Blades
 + Level 6.4 Axes
 + Level 4.3 Maces & Flails
 + Level 4.3 Polearms
 + Level 4.3 Staves
 + Level 4.3 Slings
 + Level 4.3 Bows
 + Level 4.3 Crossbows
 + Level 4.3 Throwing
 + Level 5.1 Armour
 + Level 6.4 Dodging
 + Level 4.3 Stealth
 + Level 4.3 Shields
 + Level 4.3 Unarmed Combat
 + Level 6.7 Spellcasting
 + Level 4.3 Conjurations
 + Level 4.3 Hexes
 + Level 7.9 Charms
 + Level 4.3 Summonings
 + Level 4.3 Necromancy
 + Level 4.3 Translocations
 + Level 4.3 Transmutations
 + Level 4.3 Fire Magic
 + Level 4.3 Ice Magic
 + Level 4.3 Air Magic
 + Level 4.3 Earth Magic
 + Level 4.3 Poison Magic
 + Level 4.3 Invocations
 + Level 4.3 Evocations


You had 10 spell levels left.
You knew the following spells:

 Your Spells              Type           Power        Failure   Level  Hunger
g - Shroud of Golubria    Chrm/Tloc      ####......   2%          2    None
i - Infusion              Chrm           ####         1%          1    None
r - Regeneration          Chrm/Necr      ####......   4%          3    ##.....
w - Spectral Weapon       Hex/Chrm       ####....     4%          3    ##.....
y - Song of Slaying       Chrm           #####...     1%          2    None


Dungeon Overview and Level Annotations

Branches:
Dungeon (9/15)             Temple (1/1) D:7
   Lair: D:8-11         Orc: D:9-12

Altars:
Ashenzari
Elyvilon
Fedhas
Gozag
Hepliaklqana
Kikubaaqudgha
Nemelex Xobeh
Okawaru
Qazlal
Ru
Sif Muna
Trog
Xom
Yredelemnul
The Shining One

Shops:
D:4 (


Innate Abilities, Weirdness & Mutations

Your experience applies equally to all skills.
You have very sharp teeth.
Your uncanny sense of smell can sniff out nearby items.


Message History

The crimson imp is almost dead.
Your spectral weapon closely misses the crimson imp.
The crimson imp closely misses you.
You hit the crimson imp.
The crimson imp is almost dead.
Your spectral weapon barely misses the crimson imp.
You block the crimson imp's attack.
You sock the crimson imp!
You kill the crimson imp!
You eat the royal jelly.
That royal jelly was delicious!
You swap places.
Found a scroll of identify.
Found a dark potion.
Found a stone staircase leading down.
Found 21 stones.
You see here a scroll of identify.
As you read the scroll of identify, it crumbles to dust.
T - a wand of acid (6/15)
You see here a dark potion.
l - a dark potion
Found 25 stones.
Your spectral weapon fades away.
Found an iron altar of Okawaru.
A centaur comes into view.
The centaur shouts!
The centaur wields a shortbow.
The centaur shoots an arrow.
The arrow hits you but does no damage.
You see here an arrow.
You barely miss the centaur. You bite the centaur, but do no damage.
The centaur unwields an uncursed shortbow.
The centaur barely misses you. The centaur hits you!
Casting: Spectral Weapon
Confirm with . or Enter, or press ? or * to list all spells.
You draw out your weapon's spirit!
The centaur completely misses you.
You hit the centaur but do no damage.
Your spectral weapon barely misses the centaur.
You block the centaur's attack. The centaur closely misses you.
Your magical contamination has completely faded away.
You puncture the centaur!
The centaur is moderately wounded.
Your spectral weapon hits the centaur!
You kill the centaur!
Things that are here:
an uncursed shortbow; 24 arrows; a centaur corpse
f - 203 arrows (gained 24)
You see here 21 stones.
n - 61 stones (gained 21)
You see here 25 stones.
n - 86 stones (gained 25)
You swap places.
Found a scroll labeled TUCVER OPITE and a robe.
You see here a scroll labeled TUCVER OPITE.
Y - a scroll labeled TUCVER OPITE You see here a robe.
Found a fuming white potion.
Your spectral weapon fades away.
Found a scroll labeled HAMIECZANN.
You see here 16 gold pieces.
You now have 293 gold pieces (gained 16).
A leopard gecko comes into view.
The hound skeleton misses you.
Casting: Spectral Weapon
Confirm with . or Enter, or press ? or * to list all spells.
You draw out your weapon's spirit!
The hound skeleton bites you but does no damage.
You puncture the hound skeleton!
The hound skeleton is heavily damaged.
The hound skeleton closely misses you.
Your spectral weapon hits the hound skeleton!
You destroy the hound skeleton!
You see here a meat ration.
Z - a meat ration The leopard gecko hisses angrily.
You hear an angry hiss.
Found a stone staircase leading down.
The leopard gecko bites you but does no damage.
A leopard gecko comes into view.
You sock the leopard gecko!
You kill the leopard gecko!
You hit the leopard gecko.
The leopard gecko is almost dead.
Your spectral weapon misses the leopard gecko.
The leopard gecko bites you.
You miss the leopard gecko.
The leopard gecko is almost dead.
Your spectral weapon hits the leopard gecko!
You kill the leopard gecko!
You see here a scroll labeled HAMIECZANN.
O - 2 scrolls labeled HAMIECZANN (gained 1)
Your spectral weapon fades away.
There is a stone staircase leading down here.
You climb downwards.
Found a club, a scroll labeled SOWNOCVUYDD and 15 stones.
There is a stone staircase leading up here.
You see here a scroll labeled SOWNOCVUYDD.
y - 3 scrolls labeled SOWNOCVUYDD (gained 1)
You see here 15 stones.
n - 101 stones (gained 15) 2 wights come into view.
A wight is wielding a flail of freezing.
A wight comes into view. It is wielding a dire flail.
Are you sure you want to abandon this character and quit the game? (Confirm with "yes".)

#..##..............
#..................
#...................
#.....................
#.....................
#.....................
.##.....................
.........####...........
##....@.# #...........
#......# #...........
#..z...# #....<).....
#......# #...........
#...zz.# #...........
#......# #...........
#......# #...........
#......# #...........
#...........


You could see 3 wights.

Vanquished Creatures
  Maurice (D:8)
  The ghost of Tux the Charmwright, an amateur GnSk (Sewer)
  Sigmund (D:3)
  An orc warrior (D:7)
  2 phantoms
  An ogre (D:3)
  2 centaurs
  5 big kobolds (Sewer)
  2 bullfrogs (D:7)
  A scorpion (D:4)
  4 wights (D:6)
  4 crimson imps
  A gnoll shaman (D:6)
  2 jellies
  Crazy Yiuf (D:7)
  A bullfrog skeleton (D:8)
  2 iguanas (D:5)
  2 worker ants
  2 hound skeletons
  6 gnolls
  10 adders
  A river rat (Sewer)
  2 shadow imps
  An ooze (Sewer)
  7 worms
  A dart slug (D:1)
  10 leopard geckos
  5 orcs
  9 giant cockroaches
  11 goblins
  5 hobgoblins
  6 jackals
  12 kobolds
  3 quokkas
  4 ball pythons (Sewer)
  6 bats
  6 frilled lizards
  13 rats
  A fungus (D:7)
155 creatures vanquished.

Vanquished Creatures (others)
  A spectral weapon (D:2)
1 creature vanquished.

Grand Total: 156 creatures vanquished

Notes
Turn   | Place    | Note
-------+----------+-------------------------------------------
     0 | D:1      | tidbits the Gnoll Skald began the quest for the Orb.
     0 | D:1      | Reached XP level 1. HP: 20/20 MP: 6/6
    55 | D:1      | Reached XP level 2. HP: 26/26 MP: 0/7
   110 | D:1      | Learned a level 2 spell: Song of Slaying
   113 | D:1      | Learned a level 2 spell: Shroud of Golubria
   158 | D:2      | Noticed a phantom
   189 | D:2      | Killed a phantom
   189 | D:2      | Reached skill level 1 in Short Blades
   189 | D:2      | Reached skill level 1 in Long Blades
   189 | D:2      | Reached skill level 1 in Maces & Flails
   189 | D:2      | Reached skill level 1 in Polearms
   189 | D:2      | Reached skill level 1 in Staves
   189 | D:2      | Reached skill level 1 in Slings
   189 | D:2      | Reached skill level 1 in Bows
   189 | D:2      | Reached skill level 1 in Crossbows
   189 | D:2      | Reached skill level 1 in Throwing
   189 | D:2      | Reached skill level 1 in Stealth
   189 | D:2      | Reached skill level 1 in Shields
   189 | D:2      | Reached skill level 1 in Unarmed Combat
   189 | D:2      | Reached skill level 5 in Spellcasting
   189 | D:2      | Reached skill level 1 in Conjurations
   189 | D:2      | Reached skill level 1 in Hexes
   189 | D:2      | Reached skill level 1 in Summonings
   189 | D:2      | Reached skill level 1 in Necromancy
   189 | D:2      | Reached skill level 1 in Translocations
   189 | D:2      | Reached skill level 1 in Transmutations
   189 | D:2      | Reached skill level 1 in Fire Magic
   189 | D:2      | Reached skill level 1 in Ice Magic
   189 | D:2      | Reached skill level 1 in Air Magic
   189 | D:2      | Reached skill level 1 in Earth Magic
   189 | D:2      | Reached skill level 1 in Poison Magic
   189 | D:2      | Reached skill level 1 in Invocations
   189 | D:2      | Reached skill level 1 in Evocations
   189 | D:2      | Reached XP level 3. HP: 4/31 MP: 0/9
   189 | D:2      | Reached XP level 4. HP: 5/38 MP: 0/11
   194 | D:2      | Learned a level 3 spell: Regeneration
   198 | D:2      | Learned a level 3 spell: Spectral Weapon
   310 | D:2      | Reached XP level 5. HP: 36/43 MP: 1/12
   458 | D:3      | Noticed Sigmund
   610 | D:1      | You fall through a shaft!
   660 | D:2      | Found a sparkling altar of Nemelex Xobeh.
   673 | D:2      | Reached skill level 3 in Armour
  1014 | D:3      | Noticed an ogre
  1029 | D:3      | Killed an ogre
  1029 | D:3      | Reached XP level 6. HP: 50/50 MP: 10/14
  1119 | D:3      | Reached skill level 5 in Fighting
  1119 | D:3      | Reached skill level 5 in Axes
  1119 | D:3      | Reached skill level 5 in Dodging
  1127 | D:3      | Killed Sigmund
  1127 | D:3      | Reached skill level 2 in Short Blades
  1127 | D:3      | Reached skill level 2 in Long Blades
  1127 | D:3      | Reached skill level 2 in Maces & Flails
  1127 | D:3      | Reached skill level 2 in Polearms
  1127 | D:3      | Reached skill level 2 in Staves
  1127 | D:3      | Reached skill level 2 in Slings
  1127 | D:3      | Reached skill level 2 in Bows
  1127 | D:3      | Reached skill level 2 in Crossbows
  1127 | D:3      | Reached skill level 2 in Throwing
  1127 | D:3      | Reached skill level 2 in Stealth
  1127 | D:3      | Reached skill level 2 in Shields
  1127 | D:3      | Reached skill level 2 in Unarmed Combat
  1127 | D:3      | Reached skill level 2 in Conjurations
  1127 | D:3      | Reached skill level 2 in Hexes
  1127 | D:3      | Reached skill level 2 in Summonings
  1127 | D:3      | Reached skill level 2 in Necromancy
  1127 | D:3      | Reached skill level 2 in Translocations
  1127 | D:3      | Reached skill level 2 in Transmutations
  1127 | D:3      | Reached skill level 2 in Fire Magic
  1127 | D:3      | Reached skill level 2 in Ice Magic
  1127 | D:3      | Reached skill level 2 in Air Magic
  1127 | D:3      | Reached skill level 2 in Earth Magic
  1127 | D:3      | Reached skill level 2 in Poison Magic
  1127 | D:3      | Reached skill level 2 in Invocations
  1127 | D:3      | Reached skill level 2 in Evocations
  1127 | D:3      | Reached XP level 7. HP: 37/56 MP: 6/15
  1240 | D:3      | Reached skill level 7 in Charms
  1304 | D:5      | Entered Level 5 of the Dungeon
  1321 | D:4      | Found a hazy altar of Hepliaklqana.
  1351 | D:4      | Found Weddosam's Weapon Boutique.
  1493 | D:6      | Found a glowing drain.
  1516 | Sewer    | Entered a sewer
  1516 | Sewer    | Noticed Tux's ghost (amateur GnSk)
  1534 | Sewer    | Killed Tux's ghost
  1534 | Sewer    | Reached XP level 8. HP: 47/63 MP: 16/16
  1633 | Sewer    | Reached skill level 4 in Armour
  1710 | Sewer    | Reached skill level 3 in Short Blades
  1710 | Sewer    | Reached skill level 3 in Long Blades
  1710 | Sewer    | Reached skill level 3 in Maces & Flails
  1710 | Sewer    | Reached skill level 3 in Polearms
  1710 | Sewer    | Reached skill level 3 in Staves
  1710 | Sewer    | Reached skill level 3 in Slings
  1710 | Sewer    | Reached skill level 3 in Bows
  1710 | Sewer    | Reached skill level 3 in Crossbows
  1710 | Sewer    | Reached skill level 3 in Throwing
  1710 | Sewer    | Reached skill level 3 in Stealth
  1710 | Sewer    | Reached skill level 3 in Shields
  1710 | Sewer    | Reached skill level 3 in Unarmed Combat
  1710 | Sewer    | Reached skill level 3 in Conjurations
  1710 | Sewer    | Reached skill level 3 in Hexes
  1710 | Sewer    | Reached skill level 3 in Summonings
  1710 | Sewer    | Reached skill level 3 in Necromancy
  1710 | Sewer    | Reached skill level 3 in Translocations
  1710 | Sewer    | Reached skill level 3 in Transmutations
  1710 | Sewer    | Reached skill level 3 in Fire Magic
  1710 | Sewer    | Reached skill level 3 in Ice Magic
  1710 | Sewer    | Reached skill level 3 in Air Magic
  1710 | Sewer    | Reached skill level 3 in Earth Magic
  1710 | Sewer    | Reached skill level 3 in Poison Magic
  1710 | Sewer    | Reached skill level 3 in Invocations
  1710 | Sewer    | Reached skill level 3 in Evocations
  1880 | Sewer    | Reached skill level 6 in Spellcasting
  2212 | D:6      | Found an opulent altar of Gozag.
  2219 | D:6      | Reached skill level 6 in Fighting
  2219 | D:6      | Reached skill level 6 in Axes
  2219 | D:6      | Reached skill level 6 in Dodging
  2219 | D:6      | Reached XP level 9. HP: 46/69 MP: 18/18
  2481 | D:7      | Found a sacrificial altar of Ru.
  2587 | D:8      | Noticed Maurice
  2590 | D:8      | Killed Maurice
  2590 | D:8      | Reached skill level 4 in Short Blades
  2590 | D:8      | Reached skill level 4 in Long Blades
  2590 | D:8      | Reached skill level 4 in Maces & Flails
  2590 | D:8      | Reached skill level 4 in Polearms
  2590 | D:8      | Reached skill level 4 in Staves
  2590 | D:8      | Reached skill level 4 in Slings
  2590 | D:8      | Reached skill level 4 in Bows
  2590 | D:8      | Reached skill level 4 in Crossbows
  2590 | D:8      | Reached skill level 4 in Throwing
  2590 | D:8      | Reached skill level 5 in Armour
  2590 | D:8      | Reached skill level 4 in Stealth
  2590 | D:8      | Reached skill level 4 in Shields
  2590 | D:8      | Reached skill level 4 in Unarmed Combat
  2590 | D:8      | Reached skill level 4 in Conjurations
  2590 | D:8      | Reached skill level 4 in Hexes
  2590 | D:8      | Reached skill level 4 in Summonings
  2590 | D:8      | Reached skill level 4 in Necromancy
  2590 | D:8      | Reached skill level 4 in Translocations
  2590 | D:8      | Reached skill level 4 in Transmutations
  2590 | D:8      | Reached skill level 4 in Fire Magic
  2590 | D:8      | Reached skill level 4 in Ice Magic
  2590 | D:8      | Reached skill level 4 in Air Magic
  2590 | D:8      | Reached skill level 4 in Earth Magic
  2590 | D:8      | Reached skill level 4 in Poison Magic
  2590 | D:8      | Reached skill level 4 in Invocations
  2590 | D:8      | Reached skill level 4 in Evocations
  2693 | D:7      | Found a staircase to the Ecumenical Temple.
  2713 | Temple   | Entered the Ecumenical Temple
  2858 | D:7      | Found a runed door.
  2865 | D:7      | Noticed Crazy Yiuf
  2870 | D:7      | Killed Crazy Yiuf
  2874 | D:7      | Got a faintly glowing mace
  2984 | D:8      | Found an iron altar of Okawaru.
  3062 | D:9      | Quit the game

Vault maps used:
D:1:      onia_arrival_pentagram, kennysheep_doodads
D:2:      wad_crossroads, nemelex_xobeh_ov_fountains_minmay,
          kennysheep_generic_room_4
D:3:      kennysheep_the_goblin_king, first_bread, uniq_sigmund
D:4:      cheibrodos_pilgrimage, kennysheep_little_box, serial_shops, shop,
          kennysheep_flooded_box, uniq_blork_the_orc
D:5:      serial_shops, shop, minmay_holes, serial_park_tiny_pond,
          kennysheep_generic_room_8, uniq_pikel
D:6:      lemuel_crystal_altar, nicolae_overflow_hidden_temple,
          old_standard_altar, gup_sewer_entry_pipe, grunt_decor_mini_mirrors
D:7:      lemuel_crystal_altar, temple_pool_b, uniq_crazy_yiuf_cottage
D:8:      overflow_temple_1_default, slow_altar_2, old_standard_altar,
          uniq_maurice
D:9:      overflow_temple_1_default, zin_statuary, makhleb_blood_cavern_becter,
          basic_altar, hangedman_little_slice_of_home, st_stairs_6, minmay_bent
Temple:   zaba_magenta_temple
Sewer:    sewer_co_tree

Skill      XL: |  1  2  3  4  5  6  7  8  9 |
---------------+----------------------------+-----
Short Blades   | 1 2 3 4 |  4.3
Long Blades    | 1 2 3 4 |  4.3
Maces & Flails | 1 2 3 4 |  4.3
Polearms       | 1 2 3 4 |  4.3
Staves         | 1 2 3 4 |  4.3
Slings         | 1 2 3 4 |  4.3
Bows           | 1 2 3 4 |  4.3
Crossbows      | 1 2 3 4 |  4.3
Throwing       | 1 2 3 4 |  4.3
Stealth        | 1 2 3 4 |  4.3
Shields        | 1 2 3 4 |  4.3
Unarmed Combat | 1 2 3 4 |  4.3
Spellcasting   | 5 6 |  6.7
Conjurations   | 1 2 3 4 |  4.3
Hexes          | 1 2 3 4 |  4.3
Summonings     | 1 2 3 4 |  4.3
Necromancy     | 1 2 3 4 |  4.3
Translocations | 1 2 3 4 |  4.3
Transmutations | 1 2 3 4 |  4.3
Fire Magic     | 1 2 3 4 |  4.3
Ice Magic      | 1 2 3 4 |  4.3
Air Magic      | 1 2 3 4 |  4.3
Earth Magic    | 1 2 3 4 |  4.3
Poison Magic   | 1 2 3 4 |  4.3
Invocations    | 1 2 3 4 |  4.3
Evocations     | 1 2 3 4 |  4.3
Armour         | 3 4 5 |  5.1
Fighting       | 5 6 |  6.4
Axes           | 5 6 |  6.4
Dodging        | 5 6 |  6.4
Charms         | 7 |  7.9

Action                   |  1- 3 |  4- 6 |  7- 9 || total
-------------------------+-------+-------+-------++-------
Melee: Hand axe          |    46 |   104 |   178 ||   328
       Bite              |     4 |     7 |    19 ||    30
       War axe           |       |       |    44 ||    44
       Punch             |       |       |     1 ||     1
       Morningstar       |       |       |    23 ||    23
 Cast: Infusion          |     5 |     7 |     7 ||    19
       Regeneration      |       |     7 |     4 ||    11
       Spectral Weapon   |       |    12 |    35 ||    47
       Shroud of Golubri |       |     2 |     2 ||     4
       Song of Slaying   |       |     3 |    14 ||    17
Evoke: Wand              |       |       |     3 ||     3
  Use: Potion            |       |     1 |     2 ||     3
       Scroll            |       |       |     9 ||     9
 Stab: Sleeping          |       |     1 |       ||     1
       Distracted        |       |     1 |     3 ||     4
  Eat: Chunk             |       |     2 |     8 ||    10
       Royal jelly       |       |       |     1 ||     1
Armor: Leather armour    |    12 |    33 |       ||    45
       Ring mail         |       |       |    50 ||    50
Dodge: Dodged            |    41 |   109 |   118 ||   268
Block: Other             |       |       |    23 ||    23
       Reflection        |       |       |     1 ||     1
       Buckler           |       |       |    11 ||    11

Table legend:
 A = Spawn XP
 B = Non-spawn XP
 C = Spawn XP percentage of total XP
 D = Spawn monster count
 E = Non-spawn monster count
 F = Spawn count percentage of total count
 G = Total turns spent on level
                    A         B        C        D         E        F      G
               +---------+---------+-------+---------+---------+-------+---------
         Total |       0 |    3755 |   0.0 |       0 |     154 |   0.0 |  3062
               +---------+---------+-------+---------+---------+-------+---------
           D:1 |       0 |      41 |   0.0 |       0 |      26 |   0.0 |   266
           D:2 |       0 |     249 |   0.0 |       0 |      25 |   0.0 |   523
           D:3 |       0 |     449 |   0.0 |       0 |      25 |   0.0 |   479
           D:4 |       0 |      85 |   0.0 |       0 |       2 |   0.0 |   108
           D:5 |       0 |     167 |   0.0 |       0 |       7 |   0.0 |   135
           D:6 |       0 |     528 |   0.0 |       0 |      22 |   0.0 |   302
           D:7 |       0 |     608 |   0.0 |       0 |      11 |   0.0 |   510
           D:8 |       0 |     709 |   0.0 |       0 |       7 |   0.0 |   158
         Sewer |       0 |     919 |   0.0 |       0 |      29 |   0.0 |   505
               +---------+---------+-------+---------+---------+-------+---------

Table legend:
 A = Turns spent in this place as a percentage of turns spent in the entire game.
 B = Non-inter-level travel turns spent in this place as a percentage of non-inter-level travel turns spent in the entire game.
 C = Inter-level travel turns spent in this place as a percentage of turns spent in this place.
 D = Turns resting spent in this place as a percentage of non-inter-level travel turns spent in this place.
 E = Turns spent auto-exploring this place as a percentage of non-inter-level travel turns spent in this place.
 F = Non-inter-level travel turns spent in this place divided by the number of levels of this place that you've seen.
                   A       B       C       D       E      F
               +-------+-------+-------+-------+-------+----------------------
         Total | 100.0 | 100.0 |   1.8 |   0.0 |   0.0 | 273.3
       Dungeon |  81.6 |  81.7 |   1.7 |   0.0 |   0.0 | 273.0
        Temple |   1.9 |   1.5 |  24.1 |   0.0 |   0.0 |  44.0
         Sewer |  16.5 |  16.8 |   0.0 |   0.0 |   0.0 | 505.0
               +-------+-------+-------+-------+-------+----------------------

Table legend:
 A = Kills in this place as a percentage of kills in entire the game.
 B = Kills by you in this place as a percentage of kills by you in the entire game.
 C = Kills by friends in this place as a percentage of kills by friends in the entire game.
 D = Other kills in this place as a percentage of other kills in the entire game.
 E = Experience gained in this place as a percentage of experience gained in the entire game.
 F = Experience gained in this place divided by the number of levels of this place that you have seen.
                   A       B       C       D       E      F
               +-------+-------+-------+-------+-------+----------------------
         Total | 100.0 | 100.0 |   N/A |   N/A | 100.0 | 341.4
       Dungeon |  81.2 |  81.2 |   N/A |   N/A |  75.5 | 315.1
         Sewer |  18.8 |  18.8 |   N/A |   N/A |  24.5 | 919.0
               +-------+-------+-------+-------+-------+----------------------

Vault maps used:
D:1:      onia_arrival_pentagram, kennysheep_doodads
D:2:      wad_crossroads, nemelex_xobeh_ov_fountains_minmay,
          kennysheep_generic_room_4
D:3:      kennysheep_the_goblin_king, first_bread, uniq_sigmund
D:4:      cheibrodos_pilgrimage, kennysheep_little_box, serial_shops, shop,
          kennysheep_flooded_box, uniq_blork_the_orc
D:5:      serial_shops, shop, minmay_holes, serial_park_tiny_pond,
          kennysheep_generic_room_8, uniq_pikel
D:6:      lemuel_crystal_altar, nicolae_overflow_hidden_temple,
          old_standard_altar, gup_sewer_entry_pipe, grunt_decor_mini_mirrors
D:7:      lemuel_crystal_altar, temple_pool_b, uniq_crazy_yiuf_cottage
D:8:      overflow_temple_1_default, slow_altar_2, old_standard_altar,
          uniq_maurice
D:9:      overflow_temple_1_default, zin_statuary, makhleb_blood_cavern_becter,
          basic_altar, hangedman_little_slice_of_home, st_stairs_6, minmay_bent
Temple:   zaba_magenta_temple
Sewer:    sewer_co_tree
